 Dungeon Crawl Stone Soup version 0.26-a0-964-g69f9a3b9e2 (webtiles) character file.

Game seed: 5679646641648873688

97 lunkers the Gusty (level 4, -1/24 HPs)
             Began as a Tengu Air Elementalist on Dec 2, 2020.
             Slain by Grinder (11 damage)
             ... while paralysed by Grinder
             ... on level 3 of the Dungeon.
             The game lasted 00:03:02 (2844 turns).

lunkers the Gusty (Tengu Air Elementalist)          Turns: 2844, Time: 00:03:02

Health: -1/24      AC:  3    Str:  8    XL:     4   Next: 68%
Magic:  4/9        EV:  2    Int: 16    God:
Gold:   112        SH:  0    Dex: 15    Spells: 0/8 levels left

rFire    . . .     SeeInvis .   b - +2 dagger (protect)
rCold    . . .     Faith    .   (no shield)
rNeg     . . .     Spirit   .   a - +0 robe
rPois    .         Reflect  .   (helmet restricted)
rElec    .         Harm     .   (no cloak)
rCorr    .         Rampage  .   f - +0 pair of gloves
MR       .....                  (boots unavailable)
Stlth    ++........             (no amulet)
HPRegen  0.08/turn              (no ring)
MPRegen  0.11/turn              (no ring)

@: paralysed
A: beak, talons 3
a: no special abilities


You were on level 3 of the Dungeon.
You visited 1 branch of the dungeon, and saw 3 of its levels.

You collected 112 gold pieces.

Inventory:

Hand Weapons
 b - a +2 dagger of protection (weapon)
Armour
 a - a +0 robe (worn)
 f - a +0 pair of gloves (worn)
Wands
 k - a wand of polymorph (7)
Scrolls
 c - 4 scrolls of teleportation {unknown}
 d - 4 scrolls of identify {unknown}
 e - 3 scrolls of remove curse {unknown}
 g - 2 scrolls of magic mapping {unknown}
 i - a scroll of fog {unknown}
 j - a scroll of fear {unknown}
Potions
 h - 3 potions of curing {unknown}
 l - a potion of mutation {unknown}


   Skills:
 - Level 2.1 Dodging
 - Level 2.0 Stealth
 + Level 2.9 Spellcasting
 - Level 1.3 Conjurations
 * Level 6.2 Air Magic


You couldn't memorise any spells.
You knew the following spells:

 Your Spells              Type           Power        Failure   Level
a - Shock                 Conj/Air       ##..         4%          1
b - Static Discharge      Conj/Air       ##......     12%         3
c - Airstrike             Air            ###.......   14%         4

Your spell library contained the following spells:

 Spells                   Type           Power        Failure   Level
 Swiftness                Air            ###.....     2%          2
 Lightning Bolt           Conj/Air       ##........   73%         5


Dungeon Overview and Level Annotations

Branches:
Dungeon (3/15)

Altars:
Elyvilon
Okawaru
Yredelemnul

Annotations:
D:3 Grinder


Innate Abilities, Weirdness & Mutations

You have a beak for a mouth.
You have claws for feet.


Message History

The zap hits Grinder.
Grinder is moderately wounded.
Grinder barely misses you.
Unknown command.
Unknown command.
Casting: Shock (safe; 4% risk of failure)
Confirm with . or Enter, or press ? or * to list all spells.
Aiming: Shock (safe; 4% risk of failure)
Press: ? - help, Shift-Dir - straight line, f/p - Grinder
Aim: Grinder (moderately wounded, 32% to evade)
The zap hits Grinder.
Grinder is heavily wounded.
The zap hits Grinder.
Grinder is severely wounded.
Grinder gestures at you.
You suddenly lose the ability to move!
Grinder gestures at you. You resist with significant effort. Grinder hits you!
You die...

######### #
.....<..# .#
#######.# ###5 #.#
#.. # #.# #.# # #.#
#5# ## #.# #@# .#
#.# #####.# .####
#.# #.....# ....#
#.# #.##### ###.#
#.# #.# # #.###.#
#.# #...#.#
#.####### ##.#..#
##.......#
###.###.###.###.##.#


You could see Grinder.

Vanquished Creatures
  An adder (D:3)
  A gnoll (D:1)
  2 oozes (D:1)
  A worm (D:3)
  2 leopard geckos
  3 orcs (D:3)
  11 bats
  3 giant cockroaches
  4 goblins
  2 hobgoblins
  8 jackals
  4 quokkas
  2 ball pythons (D:2)
  3 frilled lizards
  6 kobolds
  2 rats
  A spectral orc (D:2)
56 creatures vanquished.

Notes
Turn   | Place    | Note
-------+----------+-------------------------------------------
     0 | D:1      | lunkers the Tengu Air Elementalist began the quest for the
                  | Orb.
     0 | D:1      | Reached XP level 1. HP: 10/10 MP: 4/4
    97 | D:1      | Reached XP level 2. HP: 15/15 MP: 0/6
   307 | D:1      | Reached skill level 5 in Air Magic
   521 | D:1      | Reached XP level 3. HP: 19/19 MP: 5/7
  1426 | D:2      | Found an iron altar of Okawaru.
  1804 | D:2      | Found a white marble altar of Elyvilon.
  2052 | D:2      | Found a basalt altar of Yredelemnul.
  2056 | D:2      | Reached XP level 4. HP: 24/24 MP: 5/9
  2282 | D:3      | Learned a level 3 spell: Static Discharge
  2287 | D:3      | Learned a level 4 spell: Airstrike
  2597 | D:3      | Reached skill level 6 in Air Magic
  2822 | D:3      | Noticed Grinder
  2833 | D:3      | Paralysed by Grinder for 6 turns
  2842 | D:3      | Paralysed by Grinder for 4 turns
  2844 | D:3      | Slain by Grinder

Illustrated notes

Levels and vault maps discovered:
D:1:      dpeg_arrival_pits, layout_loops_ring
D:2:      layout_loops_corners, lemuel_round_altar,
          yredelemnul_forgotten_temple_becter, minmay_misc_feat_columns,
          okawaru_trees_2
D:3:      minmay_skewed_foursquare, layout_loops_ring,
          lemuel_coloured_pillars_altar, uniq_grinder

Skill      XL: |  1  2  3  4 |
---------------+-------------+-----
Air Magic      | 5 6 |  6.2
Dodging        | |  2.1
Stealth        | |  2.0
Spellcasting   | |  2.9
Conjurations   | |  1.3

Action                   |  1- 3 |  4- 6 || total
-------------------------+-------+-------++-------
Melee: Dagger            |    13 |     6 ||    19
       Kick              |     3 |     2 ||     5
       Peck              |     1 |     1 ||     2
 Cast: Shock             |    72 |    50 ||   122
Armor: Robe              |     8 |     2 ||    10
Dodge: Dodged            |    10 |     9 ||    19

Table legend: (Time is in decaauts)
 A = Elapsed time spent in this place.
 B = Non-inter-level travel time spent in this place.
 C = Inter-level travel time spent in this place.
 D = Time resting spent in this place.
 E = Time spent auto-exploring this place.
 F = Levels seen in this place.
 G = Mean time per level.
                   A        B        C        D        E       F      G
               +--------+--------+--------+--------+--------+-----+--------+
         Total |   2843 |   2802 |     41 |     48 |   2447 |   3 |  947.7 |
       Dungeon |   2843 |   2802 |     41 |     48 |   2447 |   3 |  947.7 |
               +--------+--------+--------+--------+--------+-----+--------+

Top non-repeatable levels by time:
     D:1: 1184 daAuts
     D:2: 996 daAuts
     D:3: 661 daAuts
